AoeStats
← IdliDosa

Lombardia

507509537Analyzed
2v2 RM · 13d ago on Sep 18, 2026· 21m 27s· 4 players
Game mode
Random Map
Map size
Medium (4 player)
Population
200
Speed
Normal
Resources
Standard
Victory
Conquest
Starting age
Dark Age
Ending age
Imperial Age
RankedLock teamsTeams togetherTeam positionsShared explorationLock speedFull tech treeHidden civsTurbo modeCheats
Victory
Defeat
🇪🇸 Burmese · Spain
1250
+15
🇪🇸 Aztecs · Spain
1239
+16
🇷🇺 Malians · Russia
1291
-17
🇮🇳 Magyars · India
1185
-14
ruizcanela
7:28 Loom
10:07 Feudal Age
11:17 Horse Collar
15:19 Forging
16:48 Scale Barding Armor
19:05 Bloodlines
23:23 Castle Age
ryzenvelos
4:35 Loom
10:27 Feudal Age
12:14 Scale Mail Armor
12:22 Double-Bit Axe
14:30 Forging
17:38 Arson
IdliDosa
6:34 Loom
9:11 Feudal Age
9:46 Double-Bit Axe
11:25 Horse Collar
22:02 Scale Barding Armor
Lastik
4:53 Loom
12:14 Feudal Age
12:46 Double-Bit Axe
12:46 Horse Collar
Connection lost

Rejoining the realm…

Still unreachable

The connection could not be restored.

Session expired

The server has moved on; the page needs a fresh start.